Map: Eternal Empire LE

Players

Seither - Winner!

  • Race: Terran Terran
  • Spawn Location: 1:00

Demi

  • Race: Zerg Zerg
  • League: Master
  • Spawn Location: 7:00

Event: DreamHack SC2 Masters 2020 Fall

VOD

Have the link to the VOD?

Description

Time

  • Played on: Aug. 27, 2020, 6:31 a.m.
  • Length: 24:44

All games in this series

Show
View Real Time Build Order
Export as new Build Order

Seither Terran - Winner!

Build Orders: Reaper Expand 

Get SALT Encoding   

  12  0:00  SCV  
  13  0:12  SCV  
  14  0:17  Supply Depot  
  14  0:24  SCV  
  15  0:39  SCV  
  15  0:40  Barracks  
  16  0:44  Refinery  
  16  0:51  SCV  
  17  1:03  SCV  
  18  1:15  SCV  
  19  1:29  Reaper, Orbital Command  
  20  1:40  Command Center  
  20  1:52  Supply Depot  
  20  1:55  SCV  
  21  2:04  Marine  
  21  2:07  SCV  
  23  2:10  Factory  
  23  2:15  Refinery  
  23  2:19  SCV  
  24  2:25  Barracks Reactor  
  24  2:31  SCV  
  25  2:43  SCV  
  26  2:53  Orbital Command  
  26  2:55  SCV  
  26  2:57  Starport  
  27  3:07  SCV  
  27  3:08  Hellion  
  27  3:09  Hellion  
  32  3:19  SCV  
  33  3:20  Marine  
  33  3:21  SCV  
  35  3:32  SCV, Hellion x2  
  35  3:33  SCV  
  40  3:45  Fusion Core  
  40  3:46  SCV x2  
  42  3:49  Starport Tech Lab  
  42  3:58  SCV x2  
  42  4:02  Supply Depot  
  44  4:04  Hellion, Barracks Tech Lab  
  46  4:20  Supply Depot  
  46  4:24  SCV x2, Hellion  
  50  4:26  Supply Depot, Hellion  
  52  4:36  SCV x2  
  54  4:41  Battlecruiser  
  54  4:44  Armory  
  54  4:45  Hellion  
  62  4:48  SCV x2, Hellion  
  66  4:53  Supply Depot  
  66  5:00  SCV x2  
  66  5:04  Command Center  
  68  5:10  Hellion, Refinery x2  
  70  5:15  Hellion  
  70  5:17  Supply Depot  
  70  5:20  Supply Depot  
  72  5:24  SCV  
  72  5:25  SCV  
  74  5:29  Factory  
  74  5:30  Factory  
  74  5:40  SCV x2, Hellion x2  
  78  5:56  SCV x2, Engineering Bay  
  80  6:01  Hellion x2  
  84  6:11  SCV x2  
  76  6:20  Orbital Command  
  76  6:23  Hellion x2  
  80  6:30  Missile Turret  
  80  6:31  Hellion x3, Missile Turret  
  80  6:32  Terran Vehicle Weapons Level 1, Thor x2  
  92  6:35  SCV, Missile Turret  
  93  6:41  Starport Reactor  
  93  6:48  Infernal Pre-Igniter  
  93  6:49  Hellion  
  93  6:50  Hellion  
  93  6:52  SCV x2  
  93  6:53  SCV  
  100  6:56  Refinery  
  100  6:57  Refinery  
  100  6:58  Supply Depot  
  100  7:04  SCV x2  
  102  7:13  SCV  
  103  7:16  SCV  
  103  7:24  SCV  
  103  7:25  SCV  
  103  7:27  Supply Depot, Thor  
  111  7:30  Command Center  
  111  7:35  Thor  
  117  7:41  SCV x2, Hellion x2  
  117  7:42  SCV  
  117  7:44  Supply Depot  
  124  7:55  Factory  
  124  7:56  SCV x3, Supply Depot, Factory  
  130  8:13  SCV x3  
  130  8:15  Supply Depot, Missile Turret  
  133  8:22  Liberator  
  133  8:23  Hellion x2  
  136  8:30  Thor x2  
  136  8:31  Terran Vehicle Weapons Level 2  
  146  8:35  SCV x2  
  146  8:36  Refinery  
  148  8:41  Supply Depot  
  148  8:42  Supply Depot  
  148  8:44  Factory Reactor, Factory Tech Lab  
  148  8:53  Widow Mine x2  
  152  8:57  SCV x2, Missile Turret  
  154  9:03  Armory  
  154  9:05  Supply Depot  
  154  9:07  Liberator x2  
  160  9:10  Missile Turret  
  160  9:11  Missile Turret  
  160  9:14  Supply Depot  
  158  9:25  Thor x2  
  158  9:26  Hellion x2  
  174  9:35  SCV x3  
  177  9:41  Sensor Tower  
  177  9:43  Unknown, Missile Turret x2  
  174  9:46  Thor  
  180  9:59  Missile Turret  
  180  10:01  Liberator  
  180  10:02  Liberator  
  186  10:16  Planetary Fortress  
  186  10:19  SCV x3  
  189  10:24  Command Center  
  189  10:28  Missile Turret  
  189  10:36  Widow Mine x2  
  189  10:37  Widow Mine x2  
  189  10:40  SCV x3  
  200  10:51  Terran Vehicle Weapons Level 3, Terran Vehicle And Ship Armor Level 1  
  200  10:52  SCV  
  200  10:53  SCV x2  
  197  11:06  Hi-Sec Auto Tracking  
  197  11:08  Missile Turret  
  197  11:18  Liberator  
  200  11:20  Command Center  
  198  11:34  Sensor Tower  
  198  11:38  Hellion x4  
  198  11:42  Factory  
  198  11:43  Factory x2  
  193  11:55  Missile Turret, Siege Tank x2  
  199  12:02  Refinery  
  199  12:03  Missile Turret  
  199  12:05  Refinery  
  197  12:08  Advanced Ballistics  
  197  12:11  Siege Tank  
  197  12:12  Drilling Claws  
  197  12:13  Smart Servos  
  200  12:17  Planetary Fortress  
  197  12:23  SCV x3  
  197  12:29  Factory Reactor  
  198  12:30  Factory Tech Lab x2  
  192  12:47  Orbital Command  
  192  12:48  SCV  
  192  12:49  SCV x2  
  188  13:03  Terran Vehicle And Ship Armor Level 2  
  188  13:04  Missile Turret  
  188  13:06  Missile Turret  
  188  13:07  Command Center x2  
  188  13:13  SCV x2  
  188  13:14  SCV x4  
  188  13:18  Command Center  
  194  13:21  Command Center  
  194  13:22  Command Center  
  194  13:34  Terran Ship Weapons Level 1, Hellion x6  
  194  13:35  Neosteel Armor  
  192  13:44  Thor  
  192  13:46  Widow Mine  
  195  14:10  Viking x2  
  196  14:20  Ghost Academy, Barracks x2  
  196  14:21  Barracks x2  
  196  14:24  Orbital Command  
  196  14:25  Orbital Command  
  196  14:33  Orbital Command  
  196  14:34  Orbital Command  
  196  14:38  Command Center  
  183  14:39  Thor x2  
  183  14:42  Barracks Tech Lab  
  187  15:01  Thor x2  
  187  15:06  Liberator x2  
  184  15:19  Barracks Tech Lab  
  184  15:20  Barracks Tech Lab x3  
  184  15:27  Thor  
  184  15:28  Thor  
  195  15:38  Command Center  
  195  15:42  Factory Reactor  
  195  15:45  Command Center  
  195  15:49  Terran Ship Weapons Level 2  
  195  15:50  Terran Vehicle And Ship Armor Level 3  
  171  15:59  Liberator  
  144  16:08  Thor x3  
  152  16:13  Thor x2  
  163  16:19  SCV x2  
  162  16:26  Liberator  
  165  16:37  Ghost  
  165  16:38  Ghost x3  
  173  16:41  Liberator  
  173  16:44  Hellion x3  
  182  16:48  Planetary Fortress  
  182  16:51  Thor x3  
  200  17:13  Personal Cloaking  
  200  17:14  Ghost  
  180  17:33  Thor x2  
  180  17:34  Thor  
  198  17:38  Planetary Fortress  
  198  17:44  Missile Turret  
  198  17:47  Missile Turret  
  192  17:57  Missile Turret  
  192  17:58  Missile Turret x2  
  190  18:02  Liberator x2  
  196  18:13  Hellion x2  
  196  18:16  Sensor Tower  
  196  18:17  Command Center  
  200  18:29  Refinery  
  200  18:30  Refinery  
  194  18:34  Hellion x3  
  173  18:47  Liberator  
  173  18:48  Liberator  
  160  19:01  Thor x3, Siege Tank  
  160  19:02  Hellion x2, Siege Tank  
  188  19:03  Terran Ship Weapons Level 3  
  188  19:04  Ghost x2  
  191  19:29  Hellion x3  
  191  19:30  Liberator  
  198  19:36  Command Center  
  198  19:37  SCV x3  
  199  19:47  Terran Infantry Weapons Level 1  
  189  20:16  SCV x3  
  189  20:18  SCV x2  
  189  20:19  SCV x3  
  189  20:28  Hellion x3, Siege Tank  
  172  20:50  SCV x2  
  172  20:51  Thor  
  172  20:52  Thor x2  
  172  20:53  Hellion x2, Ghost x2  
  186  21:13  Orbital Command, Thor x2  
  186  21:15  Liberator  
  186  21:16  Planetary Fortress, Liberator  
  195  21:32  Unknown  
  195  21:35  Missile Turret, Sensor Tower  
  195  21:39  Hellion x2, Siege Tank  
  198  21:43  Ghost  
  198  21:45  Enhanced Shockwaves  
  200  22:12  Liberator  
  198  22:22  Viking  
  197  22:52  Viking  
  197  22:55  Hellion x2  
  199  23:02  Ghost x2  
  197  23:08  Command Center  
  197  23:09  Command Center  
  191  23:13  Liberator  
  192  23:22  Liberator  
  191  23:31  Hellion x2  
  192  23:35  Planetary Fortress  
  192  23:37  SCV x5  
  192  23:38  Refinery x2  
Show
View Real Time Build Order
Export as new Build Order

Demi Zerg 

Build Orders: Hatch First, Muta Ling Bane 

Get SALT Encoding   

  12  0:00  Drone  
  13  0:12  Overlord  
  13  0:17  Drone  
  14  0:30  Drone x2  
  16  0:48  Hatchery  
  15  0:51  Drone  
  15  0:56  Drone  
  17  0:59  Drone  
  18  1:10  Extractor  
  17  1:14  Spawning Pool  
  17  1:17  Drone  
  17  1:20  Drone  
  18  1:28  Drone  
  19  1:38  Drone  
  20  1:50  Overlord  
  20  2:00  Queen  
  22  2:01  Zergling x2  
  22  2:02  Zergling x2, Queen  
  26  2:11  Drone x2  
  26  2:12  Metabolic Boost  
  28  2:21  Drone  
  28  2:22  Drone  
  30  2:37  Overlord  
  30  2:39  Queen  
  32  2:44  Queen  
  32  2:46  Drone x2  
  32  2:51  Overlord  
  36  2:56  Drone x2  
  38  3:06  Drone x2  
  38  3:12  Drone  
  41  3:15  Drone  
  41  3:16  Drone x4  
  41  3:18  Drone  
  47  3:26  Drone  
  48  3:33  Lair  
  48  3:41  Hatchery  
  47  3:42  Drone  
  47  3:46  Extractor  
  47  3:47  Overlord  
  47  3:49  Drone x4  
  51  3:56  Baneling Nest  
  51  4:01  Drone x2  
  52  4:03  Overlord x2  
  52  4:06  Extractor  
  52  4:07  Extractor  
  50  4:13  Drone x2  
  52  4:17  Overlord  
  52  4:18  Overlord  
  52  4:23  Zergling x8  
  56  4:27  Drone x3  
  59  4:34  Spire  
  59  4:37  Drone  
  59  4:39  Spore Crawler  
  59  4:40  Spore Crawler  
  59  4:43  Drone x2  
  59  4:44  Drone  
  59  4:46  Overseer  
  59  4:50  Drone x2  
  61  4:54  Queen  
  63  5:00  Centrifical Hooks  
  63  5:07  Zergling x2  
  63  5:08  Zergling x4  
  63  5:10  Spore Crawler  
  63  5:13  Queen  
  67  5:16  Drone  
  67  5:19  Drone  
  69  5:21  Baneling x3  
  69  5:22  Baneling  
  69  5:24  Queen  
  69  5:26  Overlord  
  71  5:30  Baneling x4  
  71  5:42  Baneling  
  71  5:43  Baneling  
  71  5:44  Zergling x20  
  71  5:49  Queen  
  83  5:55  Overlord x2  
  83  5:59  Queen  
  78  6:20  Mutalisk x7  
  92  6:26  Overlord  
  92  6:29  Drone x2  
  92  6:30  Drone x4  
  98  6:34  Overlord  
  98  6:38  Overlord x2  
  98  6:41  Zerg Flyer Weapons Level 1  
  96  6:48  Drone x5  
  96  6:52  Drone  
  96  6:54  Extractor x2  
  101  6:55  Drone x3  
  103  7:03  Drone x2  
  103  7:04  Drone x2  
  106  7:09  Drone  
  106  7:13  Overlord  
  106  7:15  Drone x2  
  107  7:23  Mutalisk x4  
  107  7:27  Hatchery  
  107  7:28  Drone  
  115  7:36  Mutalisk  
  115  7:37  Mutalisk x3  
  115  7:43  Drone x3  
  115  7:44  Evolution Chamber, Drone x4  
  128  7:45  Evolution Chamber  
  128  7:51  Overlord x3  
  128  7:56  Mutalisk x2  
  132  8:13  Evolution Chamber x2  
  132  8:16  Mutalisk x4  
  132  8:17  Unknown  
  137  8:22  Infestation Pit  
  137  8:25  Overlord x6  
  136  8:34  Zerg Melee Weapons Level 1, Zerg Ground Armor Level 1  
  136  8:40  Roach Warren  
  137  8:44  Drone x10  
  147  8:53  Zergling x2  
  147  8:54  Zergling x16  
  156  9:07  Hatchery, Zerg Flyer Armor Level 1  
  155  9:16  Hive  
  155  9:25  Roach  
  155  9:26  Roach x11  
  155  9:29  Baneling x3  
  155  9:30  Baneling x6  
  177  9:59  Drone x5  
  177  10:04  Ravager x2  
  177  10:05  Ravager x6  
  177  10:06  Ravager  
  186  10:14  Roach x7  
  198  10:22  Overlord  
  198  10:23  Overlord  
  198  10:28  Zerg Missile Weapons Level 1, Zerg Melee Weapons Level 2  
  198  10:31  Overlord x3  
  198  10:39  Adrenal Glands  
  198  10:54  Ravager x3  
  197  11:03  Glial Reconstitution  
  195  11:06  Ravager x3  
  195  11:07  Ravager  
  197  11:25  Baneling  
  197  11:26  Baneling x13  
  193  11:35  Zergling x20  
  193  11:38  Greater Spire  
  197  12:02  Spine Crawler  
  197  12:03  Spine Crawler x2  
  197  12:04  Drone, Extractor  
  197  12:05  Drone x7, Extractor  
  195  12:25  Spine Crawler  
  195  12:27  Zerg Missile Weapons Level 2  
  192  12:35  Zergling x10  
  192  12:36  Zergling x6  
  184  12:55  Corruptor x4  
  184  12:56  Corruptor x6  
  184  12:57  Corruptor  
  192  13:02  Pathogen Glands  
  192  13:04  Drone x5  
  195  13:29  Zergling x8  
  195  13:33  Zerg Flyer Weapons Level 2  
  198  13:35  Hatchery  
  198  13:37  Unknown  
  196  13:44  Hatchery  
  196  13:58  Neural Parasite  
  188  14:04  Zergling x2  
  188  14:05  Zergling x24  
  192  14:19  Spire  
  191  14:28  Zergling x22  
  200  14:33  Drone x2  
  168  15:16  Brood Lord x11  
  168  15:18  Corruptor x5  
  200  15:25  Zerg Melee Weapons Level 3  
  200  15:28  Zerg Missile Weapons Level 3  
  200  15:36  Zerg Flyer Armor Level 2  
  196  15:55  Roach x3  
  196  15:56  Roach x5  
  199  15:57  Zergling x8  
  186  16:10  Corruptor x5  
  186  16:11  Corruptor x6  
  170  16:18  Zergling x50  
  200  16:37  Hatchery  
  193  16:53  Ravager x8  
  199  16:55  Baneling x32  
  199  16:59  Zerg Flyer Weapons Level 3  
  198  17:10  Zergling x2  
  152  17:23  Roach x4  
  152  17:24  Zergling x2, Roach x5  
  152  17:25  Zergling x62  
  200  17:30  Overseer x2  
  200  17:35  Overseer  
  200  17:36  Overseer  
  182  17:58  Baneling  
  182  17:59  Baneling x22  
  182  18:00  Ravager x3  
  182  18:01  Ravager x5  
  182  18:02  Zergling x20  
  200  18:09  Extractor x2  
  198  18:19  Roach x3  
  200  18:22  Overseer  
  190  18:39  Zergling x2, Roach x13  
  190  18:46  Roach  
  190  18:47  Zergling x26  
  182  19:00  Ravager x4  
  182  19:01  Ravager  
  182  19:02  Zergling x26  
  188  19:24  Hatchery  
  188  19:25  Drone x2  
  188  19:26  Drone x3  
  188  19:33  Drone x11  
  188  19:37  Pneumatized Carapace  
  196  19:53  Overseer  
  195  20:07  Zergling x8  
  197  20:14  Corruptor  
  197  20:16  Extractor  
  197  20:21  Extractor  
  189  20:31  Zergling x24  
  178  21:07  Corruptor x5  
  178  21:10  Spore Crawler  
  161  21:14  Zergling x8  
  161  21:15  Zergling x18  
  142  21:35  Corruptor x4  
  142  21:36  Corruptor x3  
  142  21:39  Drone x14  
  170  21:43  Spine Crawler  
  170  21:45  Spine Crawler  
  170  21:46  Spine Crawler  
  170  21:47  Spine Crawler x2  
  166  21:49  Spore Crawler  
  154  22:15  Drone  
  154  22:16  Drone x2  
  149  22:27  Zergling x4  
  149  22:28  Zergling x10  
  149  22:38  Corruptor x2  
  149  22:39  Corruptor x2  
  145  22:48  Drone x3  
  145  22:49  Drone x4  
  141  23:05  Zergling x20  
  148  23:06  Brood Lord x11  
  148  23:11  Zergling x2  
  148  23:12  Zergling x4  
  173  23:17  Zergling x4  
  162  23:27  Roach x4  
  162  23:33  Roach x3  
  166  23:38  Zergling x2  
  155  23:45  Zergling x2  
  155  23:46  Zergling x10  
  161  23:52  Zergling x2  
  161  23:53  Zergling x12  
  161  23:55  Overlord x2  
  164  24:12  Hatchery  
  164  24:14  Overlord x2  
  164  24:16  Zergling x10  

Tags
 
Add a new tag
Caveats
  • Supply blocks, unpowered buildings, or Contaminate may cause inaccurate times.
  • Supply counts are checked every 10 seconds.